 Dungeon Crawl Stone Soup version 0.24.1-5-g77f818bfca (webtiles) character file.

Game seed: 16881633197750194030, levelgen mode: deterministic

3560 H0rd4k the Thaumaturge (level 9, 0/48 HPs)
             Began as a Deep Elf Wizard on Apr 23, 2020.
             Slain by a killer bee (2 damage)
             ... on level 8 of the Dungeon.
             The game lasted 00:32:12 (10768 turns).

H0rd4k the Thaumaturge (Deep Elf Wizard)           Turns: 10768, Time: 00:32:13

Health: 0/48       AC:  6    Str:  6    XL:     9   Next: 83%
Magic:  4/27       EV: 15    Int: 28    God:
Gold:   450        SH:  0    Dex: 18    Spells: 24/33 levels left

rFire    + . .     SeeInvis .   z - +1 dagger of Intuition {freeze, Int+2 Dex+4 Stlth+}
rCold    x . .     Gourm    .   (no shield)
rNeg     + . .     Faith    .   a - +0 robe
rPois    +         Spirit   .   b - +0 hat
rElec    .         Reflect  .   A - +2 ratskin cloak {+Rats rPois rN+ Str-1 Int-1 Dex+1}
rCorr    .         Harm     .   B - +0 pair of gloves {Str+3}
MR       .....                  (no boots)
Stlth    ++++......             g - amulet of rage
HPRegen  0.16/turn              e - ring of wizardry
MPRegen  0.20/turn              k - ring of fire

@: slowed, very slow
A: no striking features
a: Evoke Ratskin, Evoke Berserk Rage


You were on level 8 of the Dungeon.
You were not hungry.

You visited 1 branch of the dungeon, and saw 9 of its levels.
You also visited: Ossuary.

You collected 450 gold pieces.

Inventory:

Hand Weapons
 s - a +0 dagger of venom
 y - a cursed -3 short sword
 z - the +1 dagger of Intuition (weapon) {freeze, Int+2 Dex+4 Stlth+}
   (You found it on level 5 of the Dungeon)

   It has been specially enchanted to freeze those struck by it, causing extra
   injury to most foes and up to half again as much damage against particularly
   susceptible opponents.
   It can also slow down cold-blooded creatures.
   It affects your intelligence (+2).
   It affects your dexterity (+4).
   It makes you more stealthy.
Missiles
 w - 6 atropa-tipped darts (quivered)
 x - 13 poisoned darts
Armour
 a - a +0 robe (worn)
 b - a +0 hat (worn)
 A - the +2 ratskin cloak (worn) {+Rats rPois rN+ Str-1 Int-1 Dex+1}
   (You found it on level 6 of the Dungeon)

   It affects your strength (-1).
   It affects your intelligence (-1).
   It affects your dexterity (+1).
   It protects you from poison.
   It protects you from negative energy.
 B - a +0 pair of gloves of strength (worn)
Jewellery
 e - a ring of wizardry (left hand)
 g - an amulet of rage (around neck)
 k - a ring of fire (right hand)
 v - an uncursed ring of positive energy
Wands
 q - a wand of flame (22)
 D - a wand of enslavement (6)
 H - a wand of paralysis (10)
Scrolls
 l - 3 scrolls of magic mapping
 o - 2 scrolls of enchant weapon
 r - 2 scrolls of remove curse
 t - a scroll of immolation
 u - 2 scrolls of fear
Potions
 c - 5 potions of curing
 f - 2 potions of invisibility {unknown}
 h - 4 potions of degeneration {unknown}
 i - 4 potions of flight {unknown}
 j - 4 potions of ambrosia
 m - 2 potions of heal wounds
 n - 2 potions of mutation
 p - 2 potions of cancellation {unknown}
 C - a potion of lignification {unknown}
 E - a potion of might {unknown}
Comestibles
 d - 13 rations


   Skills:
 + Level 1.6 Fighting
 + Level 4.3 Dodging
 + Level 4.0 Stealth
 + Level 12.8 Spellcasting
 + Level 8.5 Conjurations
   Level 1.1 Summonings
 + Level 2.7 Translocations
 + Level 2.2 Fire Magic
 + Level 3.0 Air Magic
 + Level 1.9 Poison Magic
 + Level 0.3 Evocations


You had 24 spell levels left.
You knew the following spells:

 Your Spells              Type           Power        Failure   Level  Hunger
a - Magic Dart            Conj           ####         1%          1    None
b - Blink                 Tloc           N/A          1%          2    None
c - Conjure Flame         Conj/Fire      ######..     1%          3    None
d - Mephitic Cloud        Conj/Pois/Air  #####...     1%          3    None

Your spell library contained the following spells:

 Spells                   Type           Power        Failure   Level  Hunger
 Freeze                   Ice            ###.         1%          1    None
 Call Imp                 Summ           ###.....     1%          2    None
 Slow                     Hex            ###.....     1%          2    None
 Throw Frost              Conj/Ice       #####.       1%          2    None
 Throw Icicle             Conj/Ice       #####...     2%          4    None
 Ozocubu's Armour         Chrm/Ice       ###.....     3%          3    None
 Summon Ice Beast         Ice/Summ       ###.....     10%         4    None


Dungeon Overview and Level Annotations

Branches:
Dungeon (9/15)             Temple (0/1) D:7         Ossuary (visited)
   Lair: D:8-11         Orc: D:9-12

Altars:
Ashenzari
Hepliaklqana
Kikubaaqudgha
Makhleb
Nemelex Xobeh
Trog

Shops:
D:5 =:

Annotations:
D:6 exclusion: downstairs
D:7 exclusion: 2 downstairs


Message History

There is a stone staircase leading up here.
The yak gores you! The yak barely misses you.
There is a stone staircase leading up, spattered with blood here.
The yak barely misses you. The yak gores you!
* * * LOW HITPOINT WARNING * * *
The yak gores you but does no damage. The yak misses you.
The yak closely misses you.
You climb upwards.
The orc shouts!
The orc priest shouts!
You hear an angry buzzing noise.
A jelly comes into view.
The centaur shoots an arrow.
The arrow hits you!
* * * LOW HITPOINT WARNING * * *
The arrow freezes you.
* * * LOW HITPOINT WARNING * * *
The killer bee closely misses you.
The queen bee stings the yak!!
The queen bee stings itself!
The queen bee is killed!
The centaur shoots an arrow.
The arrow completely misses you.
The arrow hits the yak.
The arrow freezes the yak.
The killer bee stings you.
You die...

##.....##...##..g.......##
#####......##$..........#
####................# #.
#...#............# .##
#.o.#y....#...S)..#
..##....#..y.........#
#.##.c................
#.##.................#
#####.o.†@Y#..........!###
###.......yYY.o........ .#
...........Y?........y....
.....##..#o###Z.........#Z
#.....##[# .#...........#
#.##.....##.........g....
##. ##.###o># ... .......
#.. #.# #..# .. ......g#
#.# #.#.?##.. ........


You could see 3 yaks, an ice beast, a centaur, 3 killer bees, 2 orc priests, 2
orcs and a quokka skeleton.

Vanquished Creatures
  A queen bee (D:8)
  Grinder (D:3)
  A water moccasin (D:7)
  An ice beast (D:7)
  An orc warrior (D:8)
  3 phantoms
  A sky beast (D:7)
  2 ogres
  4 centaurs
  2 elf zombies (Ossuary)
  3 bullfrogs
  A water moccasin zombie (D:5)
  2 scorpions
  7 killer bees
  A vampire bat (D:2)
  A howler monkey (D:4)
  2 bullfrog zombies
  2 crimson imps
  A centaur skeleton (D:7)
  5 orc priests
  Crazy Yiuf (D:2)
  3 iguanas
  6 orc wizards
  Jessica (D:3)
  3 hell rats (D:6)
  Natasha (thrice) (D:3 D:4)
  5 worker ants
  2 big kobold zombies (Ossuary)
  A hound skeleton (D:4)
  2 mummies (Ossuary)
  2 worker ant zombies
  Robin (D:2)
  5 adders
  5 gnolls
  4 river rats (D:6)
  2 oozes
  2 adder zombies
  A worm (D:2)
  6 leopard geckos
  32 orcs
  3 bats (D:2)
  2 bat skeletons (D:2)
  3 bat zombies (D:2)
  4 giant cockroaches
  15 goblins
  8 hobgoblins
  3 jackals
  6 kobolds
  4 quokkas
  2 ball pythons
  5 frilled lizards
  2 goblin zombies (Ossuary)
  8 hobgoblin zombies (Ossuary)
  A jackal zombie (Ossuary)
  5 kobold zombies (Ossuary)
  3 leopard gecko skeletons
  12 orc zombies (Ossuary)
  25 rats
  3 rat zombies (Ossuary)
243 creatures vanquished.

Vanquished Creatures (collateral kills)
  A scorpion (D:8)
1 creature vanquished.

Grand Total: 244 creatures vanquished

Notes
Turn   | Place    | Note
-------+----------+-------------------------------------------
     0 | D:1      | H0rd4k the Deep Elf Wizard began the quest for the Orb.
     0 | D:1      | Reached XP level 1. HP: 10/10 MP: 7/7
   590 | D:1      | Reached skill level 5 in Spellcasting
   713 | D:1      | Reached XP level 2. HP: 15/15 MP: 8/10
  1137 | D:2      | Reached XP level 3. HP: 19/19 MP: 6/12
  1486 | D:2      | Noticed Robin
  1526 | D:2      | Reached skill level 6 in Spellcasting
  1739 | D:3      | Noticed Jessica
  1749 | D:3      | Noticed Grinder
  1766 | D:5      | Entered Level 5 of the Dungeon
  1790 | D:5      | Noticed a centaur
  1830 | D:5      | Learned a level 2 spell: Blink
  1834 | D:5      | Learned a level 3 spell: Conjure Flame
  1838 | D:5      | Learned a level 3 spell: Mephitic Cloud
  1854 | D:5      | Found a sand-covered staircase.
  1863 | Ossuary  | Entered an ossuary
  2166 | Ossuary  | Reached XP level 4. HP: 24/24 MP: 7/14
  2509 | Ossuary  | Reached XP level 5. HP: 12/28 MP: 12/16
  2789 | Ossuary  | Reached skill level 7 in Spellcasting
  3076 | Ossuary  | Reached XP level 6. HP: 28/33 MP: 8/18
  3368 | D:4      | Reached skill level 8 in Spellcasting
  3409 | D:3      | Reached skill level 1 in Fire Magic
  3415 | D:3      | Killed Jessica
  3547 | D:3      | Noticed Natasha
  3553 | D:3      | Killed Natasha
  3599 | D:3      | Noticed Natasha
  3989 | D:4      | Reached XP level 7. HP: 25/37 MP: 12/20
  4286 | D:4      | Killed Natasha
  4709 | D:2      | Killed Robin
  4827 | D:2      | Found an ancient bone altar of Kikubaaqudgha.
  4829 | D:2      | Reached skill level 9 in Spellcasting
  4915 | D:2      | Found a runed translucent door.
  4918 | D:2      | Noticed Crazy Yiuf
  4928 | D:2      | Killed Crazy Yiuf
  5341 | D:3      | Killed Grinder
  5341 | D:3      | Reached skill level 5 in Conjurations
  5524 | D:4      | Reached skill level 1 in Fighting
  5596 | D:4      | Reached XP level 8. HP: 35/43 MP: 13/23
  5710 | D:4      | Found a shattered altar of Ashenzari.
  5832 | D:4      | Reached skill level 10 in Spellcasting
  5971 | D:4      | Noticed Natasha
  5976 | D:4      | Killed Natasha
  6248 | D:5      | Reached skill level 1 in Air Magic
  6607 | D:5      | Found Xoobifunwu's Book Boutique.
  6803 | D:5      | Got a faintly glowing dagger
  7057 | D:5      | Found Xosmazxo's Jewellery Shoppe.
  7073 | D:5      | Reached skill level 11 in Spellcasting
  7073 | D:5      | Reached skill level 1 in Poison Magic
  7780 | D:6      | Found the +2 ratskin cloak {+Rats rPois rN+ Str-1 Int-1
                  | Dex+1}
  8380 | D:6      | Reached XP level 9. HP: 47/47 MP: 20/26
  8386 | D:6      | Found a sparkling altar of Nemelex Xobeh.
  8734 | D:6      | Found a hazy altar of Hepliaklqana.
  8734 | D:6      | Found a burning altar of Makhleb.
  8818 | D:6      | Identified the cursed +1 dagger of Intuition {freeze, Int+2
                  | Dex+4 Stlth+} (You found it on level 5 of the Dungeon)
  9187 | D:7      | Found a staircase to the Ecumenical Temple.
  9189 | D:7      | Found a faded altar of an unknown god.
  9219 | D:7      | Reached skill level 12 in Spellcasting
  9718 | D:7      | Found a bloodstained altar of Trog.
 10170 | D:8      | Noticed a queen bee
 10177 | D:8      | HP: 2/47 [poisoned by a killer bee]
 10768 | D:8      | HP: 2/48 [centaur/arrow (4)]
 10768 | D:8      | Killed a queen bee
 10768 | D:8      | Slain by a killer bee

Levels and vault maps discovered:
D:1:      dpeg_arrival_central, layout_loops_ring
D:2:      layout_rooms, kennysheep_vampire_church, chequers_arboretum,
          minmay_unequal, uniq_robin, uniq_crazy_yiuf_cottage
D:3:      layout_rooms, first_ration, uniq_jessica, uniq_grinder, uniq_natasha
D:4:      layout_loops_ring, marbit_many_paths, minmay_quantized
D:5:      layout_gridville, serial_shops, nicolae_shop_trees, shop,
          nicolae_ossuary_entry_monument
D:6:      wander_guarded_unrand_ratskin, layout_layer_cave,
          nemelex_xobeh_ov_fountains_minmay, gammafunk_temple_overflow_statue
D:7:      layout_loops_cross, lemuel_round_altar,
          nicolae_temple_entry_ecumenical
D:8:      layout_rooms, serial_shops, kennysheep_mini_moat, david_nohive_1,
          st_stairs_7
D:9:      layout_cave_pods, david_orc_2, gammafunk_ghost_mausoleum,
          kennysheep_flooded_box, minmay_misc_feat_cross

Skill      XL: |  1  2  3  4  5  6  7  8  9 |
---------------+----------------------------+-----
Spellcasting   | 5 6 7 8 9 11 12 | 12.8
Conjurations   | 2 3 4 5 7 8 |  8.5
Stealth        | 3 4 |  4.0
Dodging        | 3 4 |  4.3
Fire Magic     | 1 2 |  2.2
Fighting       | 1 |  1.6
Air Magic      | 1 3 |  3.0
Poison Magic   | 1 |  1.9
Translocations | 2 |  2.7
Summonings     | |  1.1
Evocations     | |  0.3

Action                   |  1- 3 |  4- 6 |  7- 9 || total
-------------------------+-------+-------+-------++-------
Melee: Unarmed           |       |     1 |     1 ||     2
       Dagger            |       |       |     1 ||     1
 Cast: Magic Dart        |   134 |   116 |   452 ||   702
       Conjure Flame     |     6 |    11 |    38 ||    55
       Mephitic Cloud    |     1 |     3 |    34 ||    38
       Blink             |       |     3 |    12 ||    15
Evoke: Wand              |       |       |     3 ||     3
  Use: Scroll            |     4 |     1 |     8 ||    13
       Potion            |     3 |     1 |     2 ||     6
  Eat: Chunk             |     3 |     1 |    20 ||    24
       Ration            |     1 |       |     1 ||     2
Armor: Robe              |    12 |     4 |    19 ||    35
Dodge: Dodged            |    59 |    38 |   111 ||   208
